 Dungeon Crawl Stone Soup version 0.31-a0-836-g3ceb0a68c4 (webtiles) character file.

Game seed: 18216746779466527837

57 PimpSugar the Magician (level 3, -3/25 HPs)
             Began as a Demonspawn Hedge Wizard on Sept 26, 2023.
             Slain by Terence
             ... wielding a +0 mace
              (6 damage)
             ... on level 2 of the Dungeon.
             The game lasted 00:09:46 (2232 turns).

PimpSugar the Magician (Demonspawn Hedge Wizard)    Turns: 2232, Time: 00:09:46

Health: -3/25      AC:  2    Str: 10    XL:     3   Next: 73%
Magic:  3/7        EV: 12    Int: 17    God:
Gold:   63         SH:  0    Dex: 12    Spells: 1/8 levels left

rFire   . . .        g - staff of earth
rCold   . . .        (no shield)
rNeg    . . .        b - +0 robe
rPois   .            (helmet restricted)
rElec   .            (no cloak)
rCorr   .            (no gloves)
SInv    .            (no boots)
Will    .....        (no amulet)
Stlth   ++           (no ring)
HPRegen 0.24/turn    (no ring)
MPRegen 0.10/turn

%: no passive effects
@: no status effects
A: horns 1, powered by pain 1
a: no special abilities


You were on level 2 of the Dungeon.
You visited 1 branch of the dungeon, and saw 2 of its levels.

You collected 63 gold pieces.

Inventory:

Hand Weapons
 a - a +0 dagger
Missiles
 i - 13 stones
Armour
 b - a +0 robe (worn)
 c - a +0 hat
 h - a +0 helmet
Magical Staves
 g - a staff of earth (weapon)
Scrolls
 f - 2 scrolls of enchant armour {unknown}
Potions
 d - 2 potions of magic


   Skills:
 + Level 0.9 Fighting
 - Level 1.7 Dodging
 - Level 1.7 Stealth
 * Level 3.3 Spellcasting
 * Level 1.8 Conjurations
 + Level 1.3 Summonings
 - Level 0.8 Translocations
 * Level 1.1 Earth Magic
 + Level 1.0 Evocations


You had one spell level left.
You knew the following spells:

 Your Spells              Type           Power      Damage    Failure   Level
a - Magic Dart            Conj           36%        1d4       8%          1
b - Call Imp              Summ           14%        N/A       14%         2
c - Sandblast             Erth           20%        2d7       11%         1
d - Stone Arrow           Conj/Erth      24%        3d8       26%         3

Your spell library contained the following spells:

 Spells                   Type           Power      Damage    Failure   Level
 Slow                     Hex            8%         N/A       17%         1
 Blink                    Tloc           10%        N/A       19%         2
 Passwall                 Tmut/Erth      5%         N/A       21%         2
 Cigotuvi's Dreadful Rot  Necr/Pois/Air  4%         N/A       26%         2
 Mephitic Cloud           Conj/Pois/Air  4%         N/A       36%         3
 Brom's Barrelling Bould  Conj/Erth      12%        2d4       65%         4


Dungeon Overview and Level Annotations

Branches:
Dungeon (2/15)

Altars:

Annotations:
D:2 Terence


Innate Abilities, Weirdness & Mutations

You have a pair of small horns on your head.
You sometimes gain a little power by taking damage.


Message History

Terence misses your cerulean imp.
Terence hits your cerulean imp with a +0 mace!
Your cerulean imp hits Terence with a -4 spear.
Your cerulean imp closely misses Terence.
What are your orders? t - Shout!
Orders for allies: a - Attack new target. p - Attack previous target. r - Retreat! s - Stop attacking. g - Guard the area. f - Follow me.
Anything else - Cancel.
Gang up on whom?
Press: ? - help, Dir - move target, f/p - Terence
Aim: Terence, wielding a +0 mace and wearing a +0 chain mail (moderately wounded, ally target) Attack!
Your cerulean imp hits Terence but does no damage.
What are your orders? t - Shout!
Orders for allies: a - Attack new target. p - Attack previous target. r - Retreat! s - Stop attacking. g - Guard the area. f - Follow me.
Anything else - Cancel.
Gang up on whom?
Press: ? - help, Dir - move target, f/p - Terence
Aim: Terence, wielding a +0 mace and wearing a +0 chain mail (moderately wounded, ally target) Attack!
Your cerulean imp hits Terence but does no damage.
Terence attacks as he pursues you! Terence closely misses you.
Your cerulean imp hits Terence but does no damage.
Terence hits you with a +0 mace! Terence attacks as he pursues you!
Terence barely misses you.
Your cerulean imp closely misses Terence.
Terence attacks as he pursues you! Terence hits you with a +0 mace!
* * * LOW HITPOINT WARNING * * *
Terence attacks as he pursues you! Terence closely misses you.
Your cerulean imp hits Terence but does no damage.
Terence attacks as he pursues you! Terence barely misses you.
Your cerulean imp hits Terence but does no damage.
Your cerulean imp hits Terence but does no damage.
Terence attacks as he pursues you! Terence hits you with a +0 mace.
You die...

#.# ##........ ###.#
#.####### ##<#.# #.#
##....# #.# ##
##.....## #@# .
##.......## #.#.#
#.[.......# #.#.####.
##.......## #........
##....@######.#.####.
#####...@.......#.#
#..............## #
##.####.#.#####.#
#...# #.#5# #.#
###...###.#.## #.#
#.......#..#.####.#
#.......#.###..##..
#.......##.#.#5####
...


You could see Terence (ally target) and a friendly cerulean imp (summoned).

Vanquished Creatures
  2 adders (D:2)
  A worm (D:2)
  4 endoplasms
  2 giant cockroaches
  3 hobgoblins (D:1)
  6 ball pythons
  6 bats
  2 frilled lizards (D:1)
  2 goblins (D:1)
  3 kobolds
  3 rats
34 creatures vanquished.

Vanquished Creatures (collateral kills)
  An endoplasm (D:1)
  A giant cockroach (D:1)
  A goblin (D:2)
  A quokka (D:1)
  A kobold (D:1)
5 creatures vanquished.

Grand Total: 39 creatures vanquished

Notes
Turn   | Place    | Note
-------+----------+-------------------------------------------
     0 | D:1      | PimpSugar the Demonspawn Hedge Wizard began the quest for
                  | the Orb.
     0 | D:1      | Reached XP level 1. HP: 13/13 MP: 4/4
   433 | D:1      | Gained mutation: You have a pair of small horns on your
                  | head. [demonic ancestry]
   433 | D:1      | Reached XP level 2. HP: 19/19 MP: 3/6
   504 | D:1      | Learned a level 2 spell: Call Imp
   558 | D:1      | Learned a level 1 spell: Sandblast
   765 | D:1      | Found a faded altar of an unknown god.
  1733 | D:2      | Gained mutation: You sometimes gain a little power by
                  | taking damage. [demonic ancestry]
  1733 | D:2      | Reached XP level 3. HP: 25/25 MP: 0/7
  1913 | D:2      | Reached skill level 1 in Earth Magic
  1913 | D:2      | Reached skill level 1 in Evocations
  1992 | D:2      | Learned a level 3 spell: Stone Arrow
  2111 | D:2      | Noticed Terence
  2224 | D:2      | HP: 1/25 [Terence/+0 mace (11)]
  2232 | D:2      | Slain by Terence

Illustrated notes

Levels and vault maps discovered:
D:1:      minmay_arrival_loop, layout_basic, shapermc_ecumenical_altar_pompeii
D:2:      layout_loops_ring, serial_glass, glass_columns_a, glass_columns_b,
          minmay_tromino_v4_c, uniq_sigmund, uniq_terence

Skill      XL: |  1  2  3 |
---------------+----------+-----
Earth Magic    | 1 |  1.1
Evocations     | 1 |  1.0
Fighting       | |  0.9
Dodging        | |  1.7
Stealth        | |  1.7
Spellcasting   | |  3.3
Conjurations   | |  1.8
Summonings     | |  1.3
Translocations | |  0.8

Action                     || total
---------------------------++-------
  Melee: Staff             ||    24
         Punch             ||     1
         Headbutt          ||     1
   Cast: Magic Dart        ||    25
         Sandblast         ||    38
         Call Imp          ||    14
    Use: Scroll            ||     2
         Potion            ||     2
   Stab: Sleeping          ||     1
 Armour: Robe              ||    33
  Dodge: Dodged            ||    42

Table legend: (Time is in decaauts)
 A = Elapsed time spent in this place.
 B = Non-inter-level travel time spent in this place.
 C = Inter-level travel time spent in this place.
 D = Time resting spent in this place.
 E = Time spent auto-exploring this place.
 F = Levels seen in this place.
 G = Mean time per level.
                   A        B        C        D        E       F      G
               +--------+--------+--------+--------+--------+-----+--------+
         Total |   2235 |   2177 |     58 |    158 |   1492 |   2 | 1117.5 |
       Dungeon |   2235 |   2177 |     58 |    158 |   1492 |   2 | 1117.5 |
               +--------+--------+--------+--------+--------+-----+--------+

Top non-repeatable levels by time:
     D:1: 1723 daAuts
     D:2: 512 daAuts
